[Event "Team 45 45 League T23"]
[Site "Internet Chess Club"]
[Date "2004.07.08"]
[Round "5"]
[White "f5"]
[Black "ChessyStud"]
[Result "1-0"]
[WhiteElo "2263"]
[BlackElo "2165"]
[TimeControl "2700+45"]

1. e4 d6 2. d4 Nf6 3. Nc3 g6 4. f4 Bg7 5. Nf3 O-O 6. Bd3 Bg4 7. h3 Bxf3 8. Qxf3
Nc6 9. Be3 e5 10. d5 Nd4 11. Qf2 c6 12. fxe5 dxe5 13. dxc6 bxc6 14. O-O Nd7 15.
Ne2 Nc5 16. Rad1 Nce6 17. c3 Nxe2+ 18. Bxe2 Qa5 19. Bc4 Nf4 20. Rd7 Qa4 21. b3
Qa5 22. Qc2 c5 23. g3 Ne6 24. Rfxf7 Rxf7 25. Bxe6 Rf8 26. Qf2 Qa6 27. Bxf7+ Kh8
28. Bxc5 {Black resigns} 1-0

[Event "Team 45 45 League T23"]
[Site "Internet Chess Club"]
[Date "2004.07.08"]
[Round "5"]
[White "godkiller"]
[Black "trevor21"]
[Result "0-1"]
[WhiteElo "1955"]
[BlackElo "2195"]
[TimeControl "2700+45"]

1. e4 e6 2. d4 d5 3. exd5 exd5 4. Bd3 Nf6 5. Ne2 Bd6 6. O-O O-O 7. Bf4 Bg4 8. f3
Bh5 9. c3 c5 10. Bxd6 Qxd6 11. dxc5 Qxc5+ 12. Kh1 Re8 13. Ng3 Bg6 14. Bxg6 hxg6
15. Nd2 Nc6 16. Nb3 Qb6 17. Qd2 Ne5 18. Qd4 Nc4 19. Qxb6 axb6 20. Rf2 Re7 21.
Nd4 Rae8 22. b3 Ne5 23. Re2 Nd3 24. Rxe7 Rxe7 25. Kg1 Nd7 26. Rd1 Nf4 27. Kf1
Nc5 28. Nge2 Nh5 29. Nc2 Kf8 30. Rxd5 Rxe2 {White resigns} 0-1

[Event "Team 45 45 League T23"]
[Site "Internet Chess Club"]
[Date "2004.07.08"]
[Round "5"]
[White "nursey"]
[Black "Ser-Enigma"]
[Result "0-1"]
[WhiteElo "1759"]
[BlackElo "1967"]
[TimeControl "2700+45"]

1. e4 c6 2. d4 d5 3. Nc3 dxe4 4. Nxe4 Nd7 5. Nf3 Ngf6 6. Ng3 e6 7. c4 c5 8. d5
exd5 9. cxd5 Nb6 10. Bb5+ Bd7 11. Qe2+ Qe7 12. Bxd7+ Nfxd7 13. Qxe7+ Bxe7 14.
Nf5 Nxd5 15. Nxg7+ Kd8 16. Nf5 Bf6 17. Nd6 Kc7 18. Nxf7 Rhf8 19. N7g5 Rae8+ 20.
Kd1 Re7 21. Re1 Rfe8 22. Nxh7 Rxe1+ 23. Nxe1 Bd4 24. Nd3 Rh8 25. Nf4 N7b6 26.
Ne6+ Kc6 27. Nhf8 Rxh2 28. Nxd4+ cxd4 29. Ne6 d3 30. Kd2 Rxg2 31. Kxd3 Rxf2 32.
Kd4 Nb4 33. Ke3 Rh2 34. Ke4 Re2+ 35. Kf5 Nc2 36. Rb1 Nd5 37. b3 Re1 38. a4 Nc3
39. Bd2 Nxb1 40. Bxe1 Nxe1 41. Nd8+ Kc7 42. Ne6+ Kb6 43. Ke5 Nd2 44. Nd4 Nef3+
45. Nxf3 Nxf3+ 46. Kd5 Nd2 47. b4 a5 48. b5 Kc7 49. Kc5 b6+ 50. Kd5 Nb3 51. Kc4
Nc5 52. Kd4 Nxa4 53. Kc4 Kd6 54. Kd4 Nc5 55. Kc3 Kd5 {White resigns} 0-1

[Event "Team 45 45 League T23"]
[Site "Internet Chess Club"]
[Date "2004.07.08"]
[Round "5"]
[White "WesleyCrusher"]
[Black "Kingwatcher"]
[Result "1-0"]
[WhiteElo "2139"]
[BlackElo "2019"]
[TimeControl "2700+45"]

1. e4 c6 2. Nc3 d5 3. d4 dxe4 4. Nxe4 Nf6 5. Nxf6+ exf6 6. Nf3 Bd6 7. Be2 O-O 8.
O-O Bg4 9. h3 Bh5 10. Nd2 Bxe2 11. Qxe2 Re8 12. Qd3 Nd7 13. Ne4 Bc7 14. Bd2 Nf8
15. Rfe1 Ne6 16. Bc3 Qd5 17. b3 Rad8 18. Rad1 Bb6 19. Qf3 f5 20. Ng3 Qxf3 21.
gxf3 Rd5 22. Bb2 f4 23. Ne2 Ba5 24. c3 Red8 25. b4 Bb6 26. Nc1 a5 27. a3 axb4
28. axb4 c5 29. bxc5 Bxc5 30. Nd3 Bd6 31. c4 Ra5 32. d5 Nc5 33. Nxc5 Rxc5 34.
Ba3 Rcc8 35. Bxd6 Rxd6 36. Rd4 g5 37. Re7 b6 38. Rb7 Kf8 39. Re4 Re8 40. Kf1 h6
41. Ke2 f5 42. Rxe8+ Kxe8 43. Kd3 Rf6 44. Kd4 g4 45. fxg4 fxg4 46. hxg4 Rg6 47.
f3 {Black resigns} 1-0

[Event "Team 45 45 League T23"]
[Site "Internet Chess Club"]
[Date "2004.07.07"]
[Round "5"]
[White "DTK"]
[Black "StormFront"]
[Result "0-1"]
[WhiteElo "1988"]
[BlackElo "2150"]
[TimeControl "2700+45"]

1. e4 c5 2. Nf3 Nc6 3. d4 cxd4 4. Nxd4 g6 5. c4 Nf6 6. Nc3 d6 7. Be2 Nxd4 8.
Qxd4 Bg7 9. O-O O-O 10. Qe3 Be6 11. Bd2 Qb6 12. b3 Qxe3 13. Bxe3 Nd7 14. Rac1
Rfc8 15. Nd5 Kf8 16. Nf4 Nc5 17. Nxe6+ fxe6 18. f3 a5 19. Rb1 Bc3 20. Rfd1 e5
21. Bxc5 Rxc5 22. g3 Bd4+ 23. Kg2 e6 24. Rf1 Ke7 25. Rbd1 b5 26. f4 b4 27. f5 a4
28. fxg6 hxg6 29. Rd3 axb3 30. Rdf3 d5 31. axb3 Ra2 32. Rf7+ Kd6 33. exd5 Rxe2+
34. Kh3 Rc8 35. R1f6 Rh8+ 36. Kg4 Re4+ 37. Kf3 Re3+ 38. Kg4 Re8 39. Rxg6 Rxb3
40. h4 e4 41. h5 e3 42. Kf3 Rb2 43. Ke4 e2 44. Kxd4 Rd2+ {White resigns} 0-1

[Event "Team 45 45 League T23"]
[Site "Internet Chess Club"]
[Date "2004.07.11"]
[Round "5"]
[White "Beats20Cents"]
[Black "jimspy"]
[Result "1/2-1/2"]
[WhiteElo "1855"]
[BlackElo "1883"]
[TimeControl "2700+45"]

1. e4 c5 2. Nf3 d6 3. d4 cxd4 4. Nxd4 Nf6 5. Nc3 a6 6. Bg5 e6 7. f4 Be7 8. Qf3
Qc7 9. O-O-O Bd7 10. e5 dxe5 11. fxe5 Ng8 12. Bxe7 Nxe7 13. Qg3 Ng6 14. Ne4 O-O
15. Nd6 Nc6 16. Nxc6 Bxc6 17. Bd3 Qa5 18. Bxg6 hxg6 19. Kb1 Qc7 20. h4 Qe7 21.
Rh2 a5 22. Rdh1 a4 23. Qg5 Qd8 24. Rh3 Rb8 25. Rg3 Qxg5 26. hxg5 Rfd8 27. Rgh3
Kf8 28. Rf1 Be8 29. Rh8+ Ke7 30. Rxe8+ Rxe8 31. Rxf7+ Kd8 32. Nxe8 Kxe8 33. Rxg7
Rd8 34. Kc1 Rd5 35. Rxg6 Rxe5 36. Rg7 b5 37. g6 Rg5 38. Rb7 Rxg6 39. Rxb5 Rg4
40. b3 axb3 41. cxb3 Rxg2 42. a4 Kd7 43. a5 Kc6 44. Rb6+ Kc5 45. b4+ Kc4 46. a6
Kc3 47. Kd1 Ra2 48. b5 e5 49. Rb7 e4 50. a7 e3 51. Re7 Kd3 52. Rd7+ Kc4 53. b6
Kc5 54. b7 Rxa7 55. b8=Q Rxd7+ 56. Ke2 Re7 57. Qb2 Kc4 58. Qa2+ Kd4 59. Qa4+ Kd5
60. Qb5+ Kd6 61. Qd3+ Kc7 62. Qc4+ Kd6 63. Qd4+ Kc7 64. Qc5+ Kd7 65. Qb6 Ke8 66.
Qd6 Kf8 67. Qd8+ Kf7 68. Qh8 Re6 69. Qh7+ Kf6 70. Qg8 Re5 71. Qg4 Re6 {Game
drawn by mutual agreement} 1/2-1/2

[Event "Team 45 45 League T23"]
[Site "Internet Chess Club"]
[Date "2004.07.12"]
[Round "5"]
[White "Hoyler"]
[Black "viking99"]
[Result "0-1"]
[WhiteElo "1595"]
[BlackElo "1789"]
[TimeControl "2700+45"]

1. d4 Nf6 2. c4 g6 3. Nc3 d5 4. cxd5 Nxd5 5. e4 Nxc3 6. bxc3 Bg7 7. Nf3 c5 8.
Rb1 O-O 9. Be2 Qa5 10. Qd2 Nc6 11. e5 Rd8 12. Qb2 cxd4 13. Bd2 Nxe5 14. cxd4
Nxf3+ 15. Bxf3 Qa6 16. Be3 Qd6 17. Rd1 Qa6 18. Be2 Qa5+ 19. Bd2 Qd5 20. Bf3 Qe6+
21. Be3 Bd7 22. Qxb7 Qxa2 23. O-O Rab8 24. Ra1 Rxb7 25. Rxa2 Rc7 26. Rfa1 Bc6
27. Bxc6 Rxc6 28. Rxa7 Bxd4 29. Bxd4 Rxd4 30. g3 Re6 31. Ra8+ Kg7 32. R1a7 Re2
33. Re8 Rdd2 34. Rexe7 Rxf2 35. Rab7 Rg2+ 36. Kf1 Rdf2+ 37. Ke1 Rf6 38. Re2
Rxe2+ 39. Kxe2 h5 40. Ke3 g5 41. h3 Kg6 42. Rb4 Rf1 43. g4 h4 44. Ke4 Rf4+
{White resigns} 0-1

[Event "Team 45 45 League T23"]
[Site "Internet Chess Club"]
[Date "2004.07.12"]
[Round "5"]
[White "forku2"]
[Black "NESKAYA"]
[Result "1-0"]
[WhiteElo "1633"]
[BlackElo "1628"]
[TimeControl "2700+45"]

1. e4 c5 2. Nf3 g6 3. d4 Bg7 4. c4 cxd4 5. Nxd4 d6 6. Nc3 Bd7 7. Be2 Nc6 8. Be3
Nf6 9. O-O O-O 10. f3 Rc8 11. Rc1 Ne5 12. b3 a6 13. Qd2 Nc6 14. Kh1 e5 15. Nc2
Ne8 16. Nd5 f5 17. Bg5 Qa5 18. Qxa5 Nxa5 19. Ne7+ Kh8 20. Nxc8 Bxc8 21. Rfd1 f4
22. Be7 Rf7 23. Bxd6 Rd7 24. Bb4 Nc6 25. Rxd7 Bxd7 26. Rd1 Nf6 27. Ba3 Kg8 28.
b4 Bf8 29. b5 Bxa3 30. bxc6 Bxc6 31. Nxa3 Kf7 32. Nb1 Ba4 33. Rd2 Ke7 34. Nc3
Bc6 35. Nd5+ Ke6 36. Nxf6 Kxf6 37. Rd6+ Ke7 38. c5 {Black resigns} 1-0

[Event "Team 45 45 League T23"]
[Site "Internet Chess Club"]
[Date "2004.07.08"]
[Round "5"]
[White "MarcoDeSade"]
[Black "Schach-Prinz"]
[Result "1/2-1/2"]
[WhiteElo "1547"]
[BlackElo "1423"]
[TimeControl "2700+45"]

1. d4 e6 2. Nf3 b6 3. Bg5 Be7 4. Bxe7 Qxe7 5. e3 Bb7 6. c4 Qb4+ 7. Qd2 Qe7 8.
Be2 d5 9. cxd5 Bxd5 10. O-O Nf6 11. Ne5 Ne4 12. Qc2 O-O 13. Bf3 f5 14. Nc3 Nxc3
15. Qxc3 Bxf3 16. Nxf3 c5 17. dxc5 bxc5 18. Rac1 Nd7 19. Rfd1 Rfc8 20. Ne5 Nxe5
21. Qxe5 c4 22. Rd6 Kf7 23. Rcd1 Rd8 24. Rxd8 Rxd8 25. Rxd8 Qxd8 26. Qd4 Qxd4
27. exd4 a5 28. Kf1 Ke7 29. Ke2 Kd6 30. Kd2 Kd5 31. Kc3 g5 32. b3 cxb3 33. axb3
h5 34. Kd3 f4 35. h3 h4 36. f3 Kc6 37. Kc4 Kb6 38. Kd3 Kc6 39. Kc4 Kb6 40. Kc3
Kc6 41. b4 axb4+ 42. Kxb4 Kd5 43. Kc3 e5 44. dxe5 Kxe5 45. Kc4 Kf6 46. Kd4 Kg6
47. Ke5 Kh6 {Game drawn by mutual agreement} 1/2-1/2

[Event "Team 45 45 League T23"]
[Site "Internet Chess Club"]
[Date "2004.07.11"]
[Round "5"]
[White "Mississippian"]
[Black "bmw2002"]
[Result "1-0"]
[WhiteElo "1476"]
[BlackElo "1467"]
[TimeControl "2700+45"]

1. c4 c5 2. Nf3 Nf6 3. Nc3 e6 4. e4 d6 5. d4 cxd4 6. Nxd4 a6 7. Be2 Be7 8. f4
Nbd7 9. O-O O-O 10. Rf3 Qb6 11. Kh1 e5 12. Nf5 Re8 13. Rg3 g6 14. Nh6+ Kf8 15.
Nd5 Qc5 16. b4 Qc6 17. a4 Nxe4 18. Rf3 Ndf6 19. b5 axb5 20. Nxe7 Rxe7 21. cxb5
Qc7 22. fxe5 dxe5 23. Ba3 Bg4 24. Rc1 Qb6 25. Bxe7+ Kxe7 26. Rxf6 Qxf6 27. Nxg4
{Black forfeits on time} 1-0

[Event "Team 45 45 League T23"]
[Site "Internet Chess Club"]
[Date "2004.07.10"]
[Round "5"]
[White "ogoon"]
[Black "chesskix"]
[Result "0-1"]
[WhiteElo "1468"]
[BlackElo "1509"]
[TimeControl "2700+45"]

1. e4 c5 2. Nf3 Nc6 3. c3 d6 4. Bb5 Bd7 5. Ba4 Nf6 6. Bc2 e5 7. d4 cxd4 8. cxd4
Qc7 9. dxe5 dxe5 10. O-O Bc5 11. Nc3 O-O 12. Bg5 Be6 13. Bb3 Nd7 14. Nb5 Qa5 15.
Bxe6 fxe6 16. Qxd7 Qxb5 17. Qxe6+ Kh8 18. Nxe5 Nxe5 19. Qxe5 Bxf2+ 20. Rxf2 Qxe5
21. Rf5 Qxe4 22. Rc5 Qd4+ 23. Kh1 Qxc5 {White resigns} 0-1

[Event "Team 45 45 League T23"]
[Site "Internet Chess Club"]
[Date "2004.07.11"]
[Round "5"]
[White "Bookkeeper"]
[Black "JesterFox"]
[Result "1-0"]
[WhiteElo "1543"]
[BlackElo "1463"]
[TimeControl "2700+45"]

1. d4 Nf6 2. Nf3 e6 3. Bg5 Be7 4. e3 c5 5. c3 d5 6. Nbd2 Nbd7 7. Bd3 h6 8. Bh4
a6 9. dxc5 Bxc5 10. O-O O-O 11. e4 dxe4 12. Nxe4 Be7 13. Nxf6+ Bxf6 14. Bg3 Re8
15. Re1 Nc5 16. Bc2 b5 17. Bd6 Qb6 18. Be5 Rd8 19. Qe2 Be7 20. Bd4 Qc7 21. Rad1
Bb7 22. Ne5 Bd6 23. Qh5 Qe7 24. Re3 Bxe5 25. Qxe5 Qg5 26. Rg3 Qxe5 27. Bxe5
Rxd1+ 28. Bxd1 f6 29. Bxf6 g5 30. Bc2 Be4 31. Bxe4 Nxe4 32. Rf3 Nxf6 33. Rxf6
Rd8 34. Kf1 Rd2 35. Rxe6 Rxb2 36. Rxa6 Rc2 37. Rxh6 Kg7 38. Rb6 {Black resigns}
1-0

[Event "Team 45 45 League T23"]
[Site "Internet Chess Club"]
[Date "2004.07.09"]
[Round "5"]
[White "reijo"]
[Black "PostMike"]
[Result "0-1"]
[WhiteElo "1485"]
[BlackElo "1548"]
[TimeControl "2700+45"]

1. d4 Nf6 2. Nf3 e6 3. e3 c5 4. c3 d5 5. Bd3 c4 6. Bc2 Nc6 7. O-O Bd6 8. Qe2 O-O
9. Nbd2 e5 10. e4 Re8 11. exd5 exd4 12. Qxc4 Nxd5 13. Nxd4 Nxd4 14. Qxd4 Nb6 15.
Nf3 Be6 16. Qe4 g6 17. Qxb7 Bd5 18. Qa6 Bc4 19. Qb7 Bxf1 20. Ng5 Bc4 21. Bd2
Bxh2+ 22. Kxh2 Qxd2 23. Qxf7+ Bxf7 {White resigns} 0-1

[Event "Team 45 45 League T23"]
[Site "Internet Chess Club"]
[Date "2004.07.13"]
[Round "5"]
[White "Steinwitz"]
[Black "erebus"]
[Result "1/2-1/2"]
[WhiteElo "1767"]
[BlackElo "1965"]
[TimeControl "2700+45"]

1. e4 d6 2. d4 Nf6 3. Nc3 g6 4. Be3 a6 5. Qd2 Ng4 6. Bf4 Nc6 7. Be2 e5 8. dxe5
dxe5 9. Qxd8+ Kxd8 10. O-O-O+ Bd6 11. Bg3 Nd4 12. h3 Nh6 13. Bh4+ Ke8 14. Bf6
Rg8 15. Bg5 Bf8 16. f4 Be6 17. fxe5 c5 18. Nd5 Bxd5 19. exd5 Nhf5 20. Bf4 g5 21.
Bh2 Ne3 22. Rd2 Nxd5 {Game drawn by mutual agreement} 1/2-1/2

[Event "Team 45 45 League T23"]
[Site "Internet Chess Club"]
[Date "2004.07.11"]
[Round "5"]
[White "Zolbalus"]
[Black "john-beebs"]
[Result "1-0"]
[WhiteElo "1856"]
[BlackElo "1515"]
[TimeControl "2700+45"]

1. e4 e5 2. Nf3 Nc6 3. Bb5 a6 4. Ba4 Nf6 5. O-O b5 6. Bb3 Be7 7. Re1 O-O 8. c3
Na5 9. Bc2 Bb7 10. Nxe5 d5 11. exd5 Qxd5 12. f3 Rfe8 13. d4 Bd6 14. b4 Nc4 15.
Nxc4 bxc4 16. Nd2 Ng4 17. Be4 Qh5 18. h3 Bxe4 19. Nxe4 Bh2+ 20. Kh1 Rxe4 21.
fxg4 Qg6 22. Kxh2 Rae8 23. Rf1 Re2 24. Bf4 Qe4 25. Qxe2 Qxe2 26. a4 c6 27. Bg3
Qd3 28. Rac1 Re3 29. Bf4 Re2 30. Rce1 Qxh3+ 31. Kxh3 {Black resigns} 1-0

[Event "Team 45 45 League T23"]
[Site "Internet Chess Club"]
[Date "2004.07.12"]
[Round "5"]
[White "dawgfish"]
[Black "DynamoKyiv"]
[Result "0-1"]
[WhiteElo "1070"]
[BlackElo "1363"]
[TimeControl "2700+45"]

1. Nf3 f5 2. e3 Nf6 3. g3 g6 4. Bg2 Bg7 5. O-O d6 6. d3 O-O 7. Nbd2 e5 8. Ng5
Nc6 9. Nc4 h6 10. Nh3 Be6 11. f4 Ng4 12. Nf2 Nxf2 13. Rxf2 exf4 14. exf4 Bxc4
15. Be3 Be6 16. c3 Qd7 17. d4 Rae8 18. d5 Bxd5 19. Bxd5+ Kh8 20. Rf1 Rxe3 21.
Qd2 Rfe8 22. Rae1 Rxe1 23. Rxe1 Rxe1+ 24. Qxe1 Bf6 25. Qd1 Kg7 26. Kg2 b6 27.
Qa4 Nb8 28. Qxa7 Qd8 29. Qa8 Nd7 30. Qc6 Nc5 31. b4 Ne4 32. Bxe4 fxe4 33. Qxe4
Bxc3 34. b5 d5 35. Qd3 d4 36. h4 Qd5+ 37. Kh3 Qxa2 38. f5 Qf7 39. g4 gxf5 40.
gxf5 Qd7 41. Kg4 c5 42. Qf3 d3 43. Qd1 c4 44. Kf4 Qd4+ 45. Kf3 Qxh4 46. Ke3 Qe1+
47. Qxe1 Bxe1 48. Kd4 d2 49. Ke5 d1=Q 50. f6+ Kf7 51. Kf5 Qf3+ 52. Ke5 Bc3+ 53.
Kd6 Kxf6 54. Kc7 Ba5 55. Kb8 Ke6 56. Ka7 Qf7+ 57. Kb8 Qd7 58. Ka8 Kd6 59. Kb8 c3
60. Ka8 c2 61. Kb8 c1=Q 62. Ka8 h5 63. Kb8 h4 64. Ka8 h3 65. Kb8 h2 66. Ka8
h1=Q+ 67. Kb8 Qcc8# {White checkmated} 0-1

[Event "Team 45 45 League T23"]
[Site "Internet Chess Club"]
[Date "2004.07.10"]
[Round "5"]
[White "alaskauk"]
[Black "DidntSeeIt"]
[Result "0-1"]
[WhiteElo "1614"]
[BlackElo "1692"]
[TimeControl "2700+45"]

1. e4 c5 2. Nf3 Nc6 3. d4 cxd4 4. Nxd4 Qc7 5. c3 Nf6 6. Bd3 e6 7. Qc2 a6 8. O-O
Ng4 9. g3 Nge5 10. Qe2 Bc5 11. Nxc6 Nxd3 12. Qxd3 Qxc6 13. Be3 O-O 14. Bxc5 Qxc5
15. Nd2 Rd8 16. Rad1 d5 17. Kg2 Bd7 18. Nb3 Qc7 19. Rfe1 dxe4 20. Qe3 b6 21. Kg1
Bc6 22. Rd2 Rd5 23. Red1 Rad8 24. Rxd5 exd5 25. Nd4 Bd7 26. Qg5 Qc8 27. Qe3 Bg4
28. Rd2 Rd6 29. Qf4 Qd7 30. a3 h6 31. Qe3 h5 32. f3 Bh3 33. fxe4 Rf6 34. Rf2 Qg4
35. Rf3 dxe4 36. Kf2 exf3 37. Nxf3 Qe6 38. Qxe6 Bxe6 39. Ke3 Bg4 40. Nd4 g5 41.
b3 Be6 42. c4 Rf1 43. a4 Rh1 44. Nxe6 fxe6 45. b4 Rxh2 46. a5 bxa5 47. bxa5 Ra2
{White resigns} 0-1

[Event "Team 45 45 League T23"]
[Site "Internet Chess Club"]
[Date "2004.07.12"]
[Round "5"]
[White "Zillmer"]
[Black "DeepHmmm"]
[Result "0-1"]
[WhiteElo "2184"]
[BlackElo "2207"]
[TimeControl "2700+45"]

1. e4 c5 2. Nc3 d6 3. f4 g6 4. Nf3 Bg7 5. Bc4 Nc6 6. O-O Nf6 7. d3 O-O 8. f5 e6
9. fxg6 fxg6 10. Bg5 h6 11. Bd2 Kh7 12. Qe1 Ng4 13. Qg3 Nge5 14. Nxe5 Nxe5 15.
Rxf8 Qxf8 16. Rf1 Qe7 17. Bf4 Bd7 18. Bxe5 Bxe5 19. Qf3 Kg7 20. Nd1 b5 21. Bb3
a5 22. c3 Rf8 23. Qxf8+ Qxf8 24. Rxf8 Kxf8 25. Kf2 Ke7 26. g3 Bf6 27. a3 Bc6 28.
Ne3 h5 29. Kf3 a4 30. Bc2 Be5 31. h3 Kf6 32. g4 d5 33. h4 d4 34. Nd1 Bd7 35. Bb1
hxg4+ 36. Kxg4 Bh2 37. cxd4 cxd4 38. Nf2 e5+ 39. Kf3 Bf4 40. Ba2 Bc1 41. Nd1 Kg7
42. Bd5 Kh6 {White resigns} 0-1

[Event "Team 45 45 League T23"]
[Site "Internet Chess Club"]
[Date "2004.07.11"]
[Round "5"]
[White "achessman"]
[Black "MissedMate"]
[Result "1-0"]
[WhiteElo "2016"]
[BlackElo "1952"]
[TimeControl "2700+45"]

1. e4 e5 2. Nf3 Nf6 3. Nxe5 d6 4. Nf3 Nxe4 5. d4 d5 6. Bd3 Bd6 7. O-O O-O 8. c4
c6 9. Qc2 Re8 10. Nc3 f5 11. cxd5 cxd5 12. Nxd5 Nc6 13. a3 Be6 14. Ne3 Rc8 15.
Qa4 Bb8 16. d5 Bxd5 17. Rd1 Nc5 18. Qb5 Nxd3 19. Rxd3 Bxh2+ 20. Nxh2 Qg5 21.
Qxd5+ Kh8 22. Nf3 Qf6 23. Qxf5 Qe7 24. Bd2 Rf8 25. Qh5 h6 26. Bc3 Kh7 27. Rad1
Rc7 28. Nd5 Qc5 29. Ng5+ Kg8 30. Ne4 Qb5 31. Ndf6+ {Black resigns} 1-0

[Event "Team 45 45 League T23"]
[Site "Internet Chess Club"]
[Date "2004.07.12"]
[Round "5"]
[White "Sergio56"]
[Black "tourettes"]
[Result "1-0"]
[WhiteElo "1909"]
[BlackElo "1781"]
[TimeControl "2700+45"]

1. e4 c5 2. Nf3 d6 3. g3 Nf6 4. d3 Nc6 5. Bg2 e6 6. O-O Be7 7. Nbd2 O-O 8. Re1
Qc7 9. c3 b5 10. d4 Rb8 11. e5 Nd7 12. exd6 Bxd6 13. Ne4 Be7 14. d5 exd5 15.
Qxd5 Qb6 16. Bf4 Rb7 17. Nd6 Bxd6 18. Bxd6 Nf6 19. Qxc5 Qxc5 20. Bxc5 Rd8 21.
Ne5 Bd7 22. Nxc6 Bxc6 23. Bxc6 Rc7 24. Be7 Rd2 25. Bxb5 Rxb2 26. c4 h6 27. Bxf6
gxf6 28. a4 Rd2 29. Rad1 Ra2 30. Rd7 Rxd7 31. Bxd7 Rc2 32. Bb5 {Black resigns}
1-0

[Event "Team 45 45 League T23"]
[Site "Internet Chess Club"]
[Date "2004.07.12"]
[Round "5"]
[White "Zilch"]
[Black "alastorx"]
[Result "1/2-1/2"]
[WhiteElo "1786"]
[BlackElo "1779"]
[TimeControl "2700+45"]

1. d4 e6 2. Nf3 d5 3. e3 c5 4. b3 Nf6 5. Bd3 Nc6 6. O-O Bd6 7. Bb2 cxd4 8. exd4
O-O 9. a3 Bd7 10. Nbd2 Rc8 11. c4 Ne7 12. Ne5 Ng6 13. Re1 Bc6 14. Rc1 dxc4 15.
Ndxc4 Bd5 16. Nxd6 Qxd6 17. Nc4 Qf4 18. f3 Rfd8 19. Qd2 Nh5 20. Be4 Bxe4 21.
fxe4 Qxd2 22. Nxd2 Nhf4 23. Rxc8 Rxc8 24. Nc4 Nh4 25. Rf1 Nfxg2 26. Nd6 Rc2 27.
Rf2 Rxf2 28. Kxf2 b6 29. Bc1 a6 30. a4 h6 31. Nc8 b5 32. axb5 axb5 33. Na7 Kf8
34. Nxb5 Ke7 35. Ba3+ Kd7 36. Bf8 Kc6 37. Nc3 g5 38. d5+ Kd7 39. Bxh6 f6 40. b4
Nf4 41. b5 Nd3+ 42. Ke3 Nc5 43. Bg7 exd5 44. Bxf6 Nxe4 45. Nxe4 Nf5+ 46. Kd3
dxe4+ 47. Kxe4 Nd6+ 48. Ke5 g4 49. b6 g3 50. hxg3 Nc4+ 51. Kf5 Nxb6 52. Bd4 Nd5
53. Ke5 Ne7 54. Be3 Ke8 55. Ke6 Ng8 56. Bg5 Kf8 57. g4 Kg7 58. Bf4 Kg6 59. g5
Kg7 {Game drawn by mutual agreement} 1/2-1/2

[Event "Team 45 45 League T23"]
[Site "Internet Chess Club"]
[Date "2004.07.10"]
[Round "5"]
[White "Burning-Bush"]
[Black "quangliem"]
[Result "0-1"]
[WhiteElo "2244"]
[BlackElo "2297"]
[TimeControl "2700+45"]

1. d4 Nf6 2. c4 e6 3. Nc3 Bb4 4. Bg5 h6 5. Bh4 c5 6. d5 Qa5 7. Bxf6 gxf6 8. Qd2
Bxc3 9. bxc3 f5 10. Nf3 d6 11. Rc1 e5 12. Nh4 Qd8 13. g3 Qf6 14. Bh3 Rg8 15. e4
Nd7 16. Nxf5 Nb6 17. Qe2 Bxf5 18. Bxf5 Ke7 19. Rb1 Rab8 20. O-O h5 21. Qxh5 Nxc4
22. Qe2 Nb6 23. f4 exf4 24. Rxf4 Qxc3 25. Rbf1 Rg7 26. Bh3 Rh8 27. Bf5 Nc4 28.
R4f3 Qd4+ 29. Kg2 Nd2 30. Qb5 Qe5 31. Qd7+ Kf8 32. Qd8+ Qe8 33. Qxd6+ Kg8 34.
Qxc5 Nxf1 35. Rxf1 b6 36. Qd4 Qb5 37. Rf2 Qc5 38. Qf6 Rxh2+ 39. Kxh2 Qxf2+ 40.
Kh1 Qe1+ 41. Kg2 Rxg3+ 42. Kh2 Qg1# {White checkmated} 0-1

[Event "Team 45 45 League T23"]
[Site "Internet Chess Club"]
[Date "2004.07.09"]
[Round "5"]
[White "BRAINDEADcz"]
[Black "ChessAddict"]
[Result "0-1"]
[WhiteElo "1920"]
[BlackElo "2127"]
[TimeControl "2700+45"]

1. e4 e6 2. Nf3 d5 3. exd5 exd5 4. d4 Bg4 5. Be2 Bd6 6. Be3 Ne7 7. h3 Bh5 8.
Nbd2 O-O 9. O-O Nf5 10. Bg5 f6 11. Bh4 Bf7 12. Bd3 Nxh4 13. Nxh4 g6 14. Nhf3 Nc6
15. c3 Qd7 16. Qc2 Ne7 17. b4 c6 18. Nb3 b6 19. Rae1 Be6 20. Nh2 Bf5 21. Re2
Bxd3 22. Qxd3 Qf5 23. Qxf5 Nxf5 24. Rfe1 Kf7 25. Nf3 Rfe8 26. Kf1 Rxe2 27. Rxe2
Re8 28. Rxe8 Kxe8 29. a4 Kd7 30. Ke2 Ng7 31. Ne1 Ne6 32. Nd3 Nf4+ 33. Nxf4 Bxf4
34. g3 Bd6 35. f4 f5 36. h4 Ke6 37. a5 Kf6 38. Kf3 h6 39. axb6 axb6 40. Nc1 g5
41. hxg5+ hxg5 42. Nd3 gxf4 43. gxf4 Ke6 44. Kg3 Be7 45. Kf3 Bf6 46. Kg3 Kd6 47.
Kf3 Bh4 48. Ke2 Bf6 49. Kf3 Bd8 50. Ke2 Bc7 51. Kf3 Bb8 52. Ke2 Ba7 53. Kf3 c5
54. bxc5+ bxc5 55. Ke3 c4 56. Nf2 Bb6 57. Nd1 Ke6 58. Kd2 Bc7 59. Ke3 Bd6 60.
Nf2 Ba3 61. Kd2 Kf6 62. Nh1 Bd6 63. Ke3 Bc7 64. Ng3 Kg6 65. Ne2 Kh5 66. Kf3 Bd6
67. Ng3+ Kg6 68. Ke3 Be7 69. Ne2 Bh4 70. Kf3 Be1 71. Kg2 Kh5 72. Kf1 Bd2 73. Kf2
Kg4 74. Kf1 Bxf4 75. Kf2 Bd2 76. Kg2 f4 77. Kf2 Be3+ 78. Kf1 f3 79. Ng1 Bxg1 80.
Kxg1 Kg3 81. Kf1 f2 82. Ke2 Kg2 83. Ke3 Kg1 84. Kd2 f1=Q 85. Kc2 Qd3+ 86. Kb2
Qd2+ 87. Kb1 Qxc3 88. Ka2 Qb4 89. Ka1 c3 90. Ka2 c2 91. Ka1 c1=Q+ 92. Ka2 Qcb2#
{White checkmated} 0-1

[Event "Team 45 45 League T23"]
[Site "Internet Chess Club"]
[Date "2004.07.08"]
[Round "5"]
[White "locchessmonster"]
[Black "fish1800"]
[Result "1/2-1/2"]
[WhiteElo "1872"]
[BlackElo "1871"]
[TimeControl "2700+45"]

1. d4 d5 2. c4 c6 3. cxd5 cxd5 4. Nf3 Nf6 5. Nc3 Nc6 6. Bf4 a6 7. Ne5 e6 8. e3
Bb4 9. Bd3 O-O 10. O-O Bd7 11. Rc1 Rc8 12. a3 Be7 13. b4 b5 14. Qe2 Ne8 15. Rc2
Nxe5 16. Bxe5 Bd6 17. Rfc1 Bxe5 18. dxe5 f6 19. exf6 Qxf6 20. Nxd5 exd5 21. Rxc8
Bxc8 22. Rxc8 Qa1+ 23. Qf1 Qxa3 24. Qb1 Nf6 {Game drawn by mutual agreement}
1/2-1/2

[Event "Team 45 45 League T23"]
[Site "Internet Chess Club"]
[Date "2004.07.12"]
[Round "5"]
[White "kels-k"]
[Black "rayonline53"]
[Result "1-0"]
[WhiteElo "1766"]
[BlackElo "1624"]
[TimeControl "2700+45"]

1. d4 d5 2. c4 e6 3. Nf3 Nf6 4. Nc3 Nbd7 5. Bg5 Be7 6. e3 c6 7. Qc2 O-O 8. Bd3
h6 9. Bh4 dxc4 10. Bxc4 Nd5 11. Bxe7 Qxe7 12. Nxd5 cxd5 13. Bd3 Nb6 14. O-O Bd7
15. Ne5 Rac8 16. Qe2 Rc7 17. Rfc1 Rfc8 18. Qd2 Be8 19. a3 Qd6 20. Rxc7 Rxc7 21.
Rc1 f6 22. Ng6 Rxc1+ 23. Qxc1 Qd7 24. h3 Bxg6 25. Bxg6 Qc8 26. Qxc8+ Nxc8 27.
Kf1 Nd6 28. Bd3 Nc4 29. Bxc4 dxc4 30. Ke2 Kf7 31. Kd2 b5 32. Kc3 a5 33. a4 b4+
34. Kxc4 Ke7 35. Kb5 Kd6 36. Kxa5 e5 37. Kxb4 {Black resigns} 1-0

[Event "Team 45 45 League T23"]
[Site "Internet Chess Club"]
[Date "2004.07.11"]
[Round "5"]
[White "Catalog"]
[Black "jorobo"]
[Result "1/2-1/2"]
[WhiteElo "2174"]
[BlackElo "2232"]
[TimeControl "2700+45"]

1. d4 d5 2. Nf3 Nf6 3. c4 c6 4. e3 e6 5. Be2 dxc4 6. Bxc4 Nbd7 7. O-O Bd6 8.
Nbd2 O-O 9. b3 e5 10. dxe5 Nxe5 11. Bb2 Bg4 12. Be2 Qc7 13. Nxe5 Bxe2 14. Qxe2
Bxe5 15. Bxe5 Qxe5 16. Nc4 Qe7 17. Rfd1 Rfd8 18. Rxd8+ Rxd8 19. Rd1 Kf8 20. Kf1
b6 21. Rxd8+ Qxd8 22. Qd2 Qxd2 23. Nxd2 Ke7 24. Ke2 Kd6 25. f3 Nd5 26. Ne4+ Ke5
27. Kd2 f5 28. Nc3 Nxc3 29. Kxc3 g5 30. Kc4 a6 31. b4 h5 32. a3 g4 33. h4 gxh3
34. gxh3 Kd6 35. h4 Ke5 36. a4 Kd6 37. a5 b5+ 38. Kd4 c5+ 39. bxc5+ Kc6 40. e4
fxe4 41. fxe4 b4 42. e5 b3 43. Kc3 b2 44. Kxb2 Kxc5 45. Kc3 Kd5 46. Kb4 Kxe5 47.
Kc5 Ke6 48. Kc6 Ke5 49. Kc5 Ke6 50. Kc6 Ke5 51. Kd7 Kd5 52. Ke7 Ke5 53. Kd7 Kd5
54. Ke7 Ke5 55. Kd7 Kd5 56. Ke7 Ke5 {Game drawn by repetition} 1/2-1/2

[Event "Team 45 45 League T23"]
[Site "Internet Chess Club"]
[Date "2004.07.12"]
[Round "5"]
[White "Pawntastic"]
[Black "Unbeliever"]
[Result "0-1"]
[WhiteElo "1728"]
[BlackElo "1947"]
[TimeControl "2700+45"]

1. e4 c5 2. Nc3 Nc6 3. d3 g6 4. g3 Bg7 5. Bg2 d6 6. f4 e6 7. Nf3 Nge7 8. O-O O-O
9. Rb1 Rb8 10. h3 b5 11. g4 b4 12. Ne2 f5 13. Nh2 Qa5 14. Ra1 Qb6 15. Kh1 a5 16.
Rb1 Ba6 17. b3 Rbd8 18. Bb2 Bxb2 19. Rxb2 d5 20. gxf5 exf5 21. e5 c4 22. dxc4
dxc4 23. Qe1 c3 24. Rb1 Rd2 25. Bf3 Qe3 26. Ng1 Qxe1 27. Rfxe1 Nd4 28. Red1 Nxc2
29. Rxd2 cxd2 30. Bd1 Ne3 31. Ngf3 Rd8 32. Kg1 N7d5 33. Nxd2 Nc3 {White resigns}
0-1